cohdb
Replays
Latest Replays
All Replays
Popular Replays
Top Player Replays
Match Explorer
How It Works
Community
CoH3 Stats
Reddit
Sign in to upload your games and track your stats! →
Sign in with Steam
Match 42257237
Unlisted
Match 42257237
Overview
Messages
Build Orders
End
Construct Infanterie Kompanie
Selects Luftwaffe Battlegroup
Selects Luftwaffe Pioneer Support
Fallschirmpioneer Squad Paradrop
Grenadier Squad
Grenadier Squad
Infanterie Officer Quarters
GrW 34 Mortar Team
Construct Luftwaffe Kompanie
Selects Reconnaissance Run
Jäger Squad
Selects Fallschirmjäger Squad Paradrop
Luftwaffe Officer Quarters
Fallschirmjäger Squad Paradrop
Support Elements
MG 42 Machine Gun Team
Selects Fragmentation Bombs
Selects Fragmentation Bombs
Fragmentation Bombs
Selects Flak 38 Anti-Air Emplacement
Landser
*Mule
FeriG
Ra11
DangerouslyDumb
Right Click God
Belfegor ๏̯͡๏
Cuttysark
0
0
Comments
sign in to comment!
No comments posted yet!